Map: Acid Plant LE

Players

Classic - Winner!

  • Race: Protoss Protoss
  • Spawn Location: 11:00

Elazer

  • Race: Zerg Zerg
  • Spawn Location: 5:00

Event: WESG 2017 Haikou

VOD

Have the link to the VOD?

Description

Time

  • Played on: March 17, 2018, 1:19 a.m.
  • Length: 14:01

All games in this series

Show
View Real Time Build Order
Export as new Build Order

Classic Protoss - Winner!

Build Orders: 1 Gate Expand, Oracle Opening, Phoenix Opening, Archon Immortal, Zealot Archon, Archon Drop 

Get SALT Encoding   

  12  0:00  Probe  
  13  0:12  Probe  
  14  0:18  Pylon  
  14  0:24  Probe (Chrono Boost)  
  15  0:36  Probe (Chrono Boost)  
  15  0:38  Gateway  
  16  0:45  Probe (Chrono Boost)  
  16  0:47  Assimilator  
  17  0:51  Probe  
  18  1:03  Probe  
  19  1:15  Probe  
  20  1:24  Nexus  
  20  1:27  Probe  
  21  1:38  Cybernetics Core  
  21  1:42  Probe  
  22  1:48  Assimilator  
  22  1:53  Pylon  
  22  1:56  Probe  
  23  2:11  Probe  
  23  2:13  Adept (Chrono Boost)  
  26  2:17  Stargate  
  26  2:23  Probe  
  26  2:25  Warp Gate  
  27  2:32  Adept  
  27  2:35  Probe (Chrono Boost)  
  27  2:36  Probe (Chrono Boost)  
  32  2:45  Probe x2 (Chrono Boost)  
  32  2:50  Probe x2 (Chrono Boost)  
  35  3:01  Phoenix (Chrono Boost)  
  35  3:02  Probe x2  
  39  3:05  Pylon  
  39  3:14  Probe x2  
  39  3:17  Gateway  
  41  3:20  Oracle (Chrono Boost)  
  41  3:26  Probe x2  
  46  3:29  Assimilator  
  46  3:33  Assimilator  
  46  3:38  Probe x2  
  48  3:44  Robotics Facility  
  48  3:50  Probe x2  
  48  3:53  Twilight Council  
  50  3:58  Pylon  
  50  4:02  Probe x2  
  52  4:12  Gateway  
  52  4:13  Gateway  
  52  4:14  Probe  
  52  4:15  Probe  
  54  4:19  Pylon  
  54  4:29  Warp Prism (Chrono Boost)  
  54  4:31  Zealot x2  
  60  4:41  Charge  
  60  4:42  Templar Archives  
  60  4:54  Nexus  
  60  5:00  Pylon  
  60  5:09  Forge, Probe x2  
  62  5:20  High Templar x2  
  62  5:21  High Templar x2  
  70  5:22  Probe x2  
  70  5:24  Archon x2  
  70  5:25  Protoss Ground Weapons Level 1, Observer (Chrono Boost)  
  70  5:26  Gateway  
  70  5:27  Gateway  
  73  5:31  Pylon  
  73  5:33  Pylon  
  73  5:37  Probe x2  
  75  5:49  Immortal (Chrono Boost), Probe x2  
  81  5:54  Pylon  
  81  5:56  Sentry  
  83  6:00  Assimilator  
  83  6:01  Probe x2  
  85  6:07  Assimilator  
  85  6:09  Probe  
  86  6:13  Probe x2  
  86  6:18  Zealot, Sentry  
  90  6:21  Immortal (Chrono Boost)  
  90  6:22  Zealot  
  97  6:30  Probe x3  
  99  6:41  Pylon  
  99  6:42  Probe x3  
  99  6:45  Psionic Storm  
  102  6:51  Gateway  
  102  6:53  Gateway  
  102  6:54  Probe x3  
  103  6:56  Observer (Chrono Boost)  
  103  7:00  High Templar x2  
  110  7:06  Photon Cannon  
  110  7:08  High Templar  
  110  7:10  Zealot, Pylon  
  110  7:11  Zealot  
  110  7:13  Photon Cannon  
  110  7:14  Photon Cannon  
  116  7:16  High Templar  
  116  7:20  Immortal (Chrono Boost), Pylon  
  122  7:33  Robotics Facility  
  122  7:40  Zealot x2  
  122  7:41  Zealot x3  
  122  7:43  Protoss Ground Weapons Level 2 (Chrono Boost)  
  132  7:52  Pylon  
  132  7:54  Photon Cannon  
  132  7:56  Immortal (Chrono Boost)  
  132  7:58  Photon Cannon  
  132  8:02  Pylon  
  136  8:07  Photon Cannon  
  136  8:12  Zealot x4  
  144  8:13  Zealot  
  143  8:23  Immortal (Chrono Boost)  
  143  8:25  Immortal (Chrono Boost)  
  144  8:29  Probe x2  
  144  8:30  Probe  
  144  8:32  Pylon  
  151  8:39  Photon Cannon, High Templar x2  
  151  8:41  Pylon  
  151  8:52  Photon Cannon  
  151  8:59  Zealot x2  
  151  9:00  Zealot x3  
  151  9:02  Zealot  
  163  9:07  Immortal  
  161  9:23  Zealot x2  
  161  9:24  Zealot x5  
  153  9:31  Immortal  
  153  9:35  Archon  
  157  9:45  High Templar x3  
  163  9:48  High Templar x4  
  163  9:52  Archon  
  171  9:53  Gateway  
  171  9:55  Gateway  
  171  9:59  Nexus  
  171  10:00  Pylon  
  171  10:06  Protoss Ground Weapons Level 3 (Chrono Boost)  
  171  10:13  Immortal (Chrono Boost)  
  171  10:14  Immortal (Chrono Boost)  
  173  10:25  Pylon  
  173  10:28  Photon Cannon  
  169  10:37  Archon  
  156  10:42  Zealot x3  
  156  10:43  Zealot x4  
  148  10:59  Observer x2  
  148  11:03  Zealot x6  
  148  11:04  Zealot x3  
  154  11:13  Fleet Beacon  
  154  11:18  Assimilator  
  154  11:19  Probe x2  
  154  11:20  Probe x2  
  154  11:22  Assimilator  
  148  11:26  High Templar x5  
  148  11:27  High Templar  
  148  11:32  Archon x3  
  160  11:36  Zealot x2  
  164  11:41  Photon Cannon  
  164  11:47  Photon Cannon  
  164  11:48  High Templar  
  164  11:52  Photon Cannon x2  
  165  12:07  High Templar  
  165  12:08  Mothership (Chrono Boost), High Templar x2  
  174  12:19  Pylon  
  174  12:22  Pylon  
  174  12:25  Cybernetics Core  
  174  12:28  Zealot x2  
  178  12:34  Immortal x2 (Chrono Boost)  
  188  13:01  Zealot x6  
  188  13:05  Stargate  
  200  13:06  Stargate  
  200  13:32  Zealot x4  
  188  13:41  Zealot x2  
  188  13:42  Zealot x3  
  187  13:52  Archon  
  187  13:53  Archon  
Show
View Real Time Build Order
Export as new Build Order

Elazer Zerg 

Build Orders: Hatch First, Lurkers, Roach Hydra 

Get SALT Encoding   

  12  0:00  Drone  
  13  0:12  Overlord  
  13  0:17  Drone  
  14  0:30  Drone x2  
  16  0:47  Hatchery  
  15  0:51  Drone  
  15  0:54  Drone  
  17  0:57  Drone  
  18  1:07  Extractor  
  17  1:12  Spawning Pool  
  17  1:15  Drone  
  17  1:19  Drone  
  18  1:28  Drone  
  19  1:39  Drone  
  20  1:50  Overlord  
  20  1:59  Queen x2  
  20  2:00  Zergling x4  
  26  2:10  Drone x2  
  26  2:12  Metabolic Boost  
  28  2:20  Drone  
  28  2:21  Drone  
  30  2:31  Drone  
  30  2:32  Drone  
  32  2:39  Hatchery  
  31  2:45  Queen  
  31  2:49  Overlord  
  33  2:52  Drone  
  33  2:53  Drone  
  33  2:56  Drone  
  36  3:09  Drone x3  
  36  3:10  Drone x2  
  41  3:15  Overlord  
  41  3:21  Drone  
  41  3:22  Queen  
  41  3:26  Overlord  
  44  3:33  Drone  
  45  3:35  Drone  
  45  3:39  Drone x2  
  48  3:45  Drone x2  
  48  3:46  Drone  
  51  3:50  Spore Crawler  
  51  3:53  Overlord  
  51  3:54  Drone x3  
  51  3:55  Drone  
  54  3:58  Spore Crawler  
  54  3:59  Queen  
  54  4:01  Lair  
  55  4:05  Overlord  
  55  4:06  Drone  
  55  4:08  Spore Crawler  
  55  4:09  Drone  
  56  4:10  Drone  
  56  4:15  Extractor  
  56  4:18  Drone  
  56  4:19  Roach Warren  
  56  4:21  Drone x2  
  56  4:23  Drone  
  56  4:24  Drone  
  60  4:27  Drone, Extractor  
  60  4:28  Drone  
  61  4:32  Drone, Overlord  
  62  4:38  Overlord  
  62  4:39  Drone  
  62  4:44  Drone x2  
  65  4:45  Drone  
  65  4:46  Overlord  
  65  4:49  Drone  
  66  4:54  Overlord  
  66  4:58  Overlord  
  66  5:01  Glial Reconstitution  
  66  5:02  Roach  
  66  5:03  Roach x2  
  72  5:09  Roach x2  
  76  5:15  Overlord  
  76  5:16  Roach x5  
  76  5:20  Roach  
  88  5:21  Overlord  
  88  5:23  Extractor  
  88  5:27  Overlord  
  87  5:28  Roach  
  87  5:29  Roach x2  
  87  5:33  Roach  
  87  5:35  Drone x2  
  97  5:41  Drone x2  
  99  5:43  Overseer  
  99  5:47  Overlord  
  99  5:48  Drone  
  100  5:50  Drone x4  
  100  5:54  Drone, Evolution Chamber  
  104  5:58  Hatchery  
  104  6:02  Drone x2  
  104  6:03  Hydralisk Den, Extractor  
  103  6:05  Overlord  
  103  6:07  Drone x3  
  103  6:10  Extractor, Drone x3  
  108  6:13  Overlord  
  108  6:25  Overlord  
  108  6:27  Roach  
  108  6:28  Roach x6  
  120  6:35  Drone x3  
  120  6:37  Muscular Augments, Lurker Den  
  118  6:40  Drone x5  
  118  6:42  Zerg Missile Weapons Level 1  
  118  6:46  Overlord  
  123  6:51  Drone x6  
  129  6:56  Pneumatized Carapace  
  129  7:00  Hydralisk, Extractor, Overlord  
  129  7:01  Hydralisk  
  130  7:05  Hydralisk x2  
  136  7:13  Hydralisk x4  
  144  7:24  Hydralisk x2  
  148  7:30  Hatchery  
  148  7:33  Overlord  
  148  7:36  Hydralisk x3  
  153  7:41  Overlord  
  153  7:44  Hydralisk x3  
  153  7:49  Grooved Spines  
  153  7:51  Roach x4  
  167  7:54  Overlord  
  167  7:58  Overlord  
  167  8:03  Overlord  
  167  8:11  Hydralisk x5  
  167  8:12  Hydralisk x2  
  181  8:19  Zergling x20  
  188  8:20  Lurker x2  
  188  8:21  Lurker  
  188  8:23  Zergling x2  
  188  8:24  Zergling x4  
  188  8:33  Overlord  
  185  8:39  Hydralisk x5  
  195  8:49  Lurker  
  195  8:50  Zergling x2  
  195  8:51  Zergling x4  
  198  8:58  Overlord  
  198  9:02  Hydralisk  
  186  9:20  Hydralisk x8  
  186  9:23  Hydralisk x3  
  177  9:27  Hydralisk  
  177  9:29  Zergling x14  
  171  9:36  Hydralisk x3  
  171  9:38  Zergling x10  
  179  9:42  Lurker  
  179  9:43  Zergling x4  
  182  9:45  Overlord  
  182  9:47  Lurker  
  182  9:48  Zergling x2  
  184  9:54  Zerg Missile Weapons Level 2  
  184  9:56  Overlord  
  184  9:57  Zergling x10  
  189  10:05  Overlord  
  189  10:06  Hydralisk x4  
  197  10:09  Zergling x4  
  197  10:21  Lurker x3  
  198  10:24  Zergling x2  
  189  10:41  Hydralisk x5  
  189  10:42  Hydralisk x3  
  178  10:45  Hydralisk  
  156  10:50  Zergling x2  
  156  10:51  Zergling x24  
  156  10:54  Hydralisk  
  156  10:55  Hydralisk x3  
  156  10:56  Zergling x2  
  147  11:15  Hydralisk x7  
  147  11:18  Zergling x10  
  160  11:26  Hydralisk x4  
  160  11:27  Extractor  
  160  11:28  Zergling x8  
  171  11:38  Hydralisk x3, Overlord  
  177  11:41  Zergling x4  
  173  11:47  Overlord  
  172  11:54  Hatchery  
  159  12:05  Hydralisk x6  
  159  12:06  Hydralisk  
  137  12:11  Hydralisk x3  
  137  12:14  Zergling x18  
  152  12:19  Lurker x2  
  154  12:27  Drone x3  
  157  12:34  Lurker  
  157  12:36  Lurker  
  159  12:40  Hydralisk, Overlord  
  159  12:42  Overseer  
  159  12:43  Zergling x2  
  159  12:44  Zergling x18  
  169  12:48  Hatchery  
  166  12:53  Lurker x2  
  166  12:56  Overlord  
  168  13:02  Overlord  
  168  13:03  Hydralisk x4  
  176  13:09  Overlord  
  176  13:10  Lurker  
  166  13:33  Hydralisk  
  166  13:34  Hydralisk x3  
Tags
 
Add a new tag
Caveats
  • Supply blocks, unpowered buildings, or Contaminate may cause inaccurate times.
  • Supply counts are checked every 10 seconds.